 Dungeon Crawl Stone Soup version 0.31-a0-234-gad7ace16ef (webtiles) character file.

Game seed: 16885702369655491492

100 qw the Shooter (level 4, -1/36 HPs)
             Began as a Minotaur Hexslinger on July 9, 2023.
             Slain by Ijyb
             ... wielding a +0 dagger
              (2 damage)
             ... on level 3 of the Dungeon.
             The game lasted 00:00:51 (1853 turns).

qw the Shooter (Minotaur Hexslinger)                Turns: 1853, Time: 00:00:51

Health: -1/36      AC:  5    Str: 13    XL:     4   Next: 47%
Magic:  4/4        EV: 11    Int: 10    God:
Gold:   190        SH:  0    Dex: 14    Spells: 4/5 levels left

rFire   . . .        Y - +1 sling
rCold   . . .        (no shield)
rNeg    . . .        d - +0 ring mail
rPois   .            (helmet restricted)
rElec   .            (no cloak)
rCorr   .            (no gloves)
SInv    .            (no boots)
Will    .....        (no amulet)
Stlth   +            (no ring)
HPRegen 0.26/turn    (no ring)
MPRegen 0.09/turn

%: no passive effects
@: no status effects
A: horns 2, retaliatory headbutt
a: no special abilities


You were on level 3 of the Dungeon.
You visited 1 branch of the dungeon, and saw 3 of its levels.

You collected 190 gold pieces.


Innate Abilities, Weirdness & Mutations

You have a pair of horns on your head.
You reflexively headbutt those who attack you in melee.


   Skills:
 - Level 2.0 Fighting
 + Level 4.9 Ranged Weapons
 - Level 1.0 Armour
 - Level 2.1 Dodging
 - Level 1.0 Spellcasting
 - Level 2.0 Hexes


You had 4 spell levels left.
You knew the following spells:

 Your Spells              Type           Power      Damage    Failure   Level
a - Slow                  Hex            16%        N/A       32%         1

Your spell library contained the following spells:

 Spells                   Type           Power      Damage    Failure   Level
 Inner Flame              Hex/Fire       2%         N/A       82%         3
 Portal Projectile        Hex/Tloc       4%         N/A       82%         3
 Cause Fear               Hex            2%         N/A       97%         4

Inventory:

Hand Weapons
 Y - a +1 sling (weapon)
Armour
 c - a +0 pair of boots
 d - a +0 ring mail (worn)
Scrolls
 b - a scroll of silence {unknown}
 e - a scroll of revelation {unknown}
 i - a scroll of identify
Potions
 a - a potion of degeneration {unknown}
 f - a potion of resistance {unknown}
 g - a potion of might {unknown}
 j - a potion of heal wounds {unknown}
 k - a potion of enlightenment {unknown}

Dungeon Overview and Level Annotations

Branches:
Dungeon (3/15)

Altars:

Annotations:
D:3 Ijyb, Robin


Message History

A bat comes into view.
Ijyb hits you but does no damage. The endoplasm completely misses you.
The bat moves out of view.
Ijyb hits you with a +0 dagger. The endoplasm freezes you.
You are frozen.
Ijyb barely misses you.
The endoplasm hits you but does no damage.
Ijyb hits you with a +0 dagger. The endoplasm barely misses you.
You feel less confused. Ijyb hits you with a +0 dagger.
The endoplasm misses you.
You shoot a sling bullet.
The sling bullet hits Ijyb but does no damage.
Ijyb is lightly wounded.
Ijyb hits you with a +0 dagger. The endoplasm hits you.
The endoplasm barely misses you. You furiously retaliate!
You headbutt the endoplasm. Ijyb hits you but does no damage.
You shoot a sling bullet.
The sling bullet barely misses the endoplasm.
The bat closely misses you. Ijyb hits you with a +0 dagger.
The endoplasm misses you.
You shoot a sling bullet. The sling bullet hits the endoplasm.
You kill the endoplasm!
The bat closely misses you. Ijyb hits you with a +0 dagger.
You shoot a sling bullet.
The sling bullet hits Ijyb but does no damage.
Ijyb is lightly wounded.
The bat closely misses you. Ijyb hits you with a +0 dagger.
You shoot a sling bullet. The sling bullet barely misses Ijyb.
The bat hits you but does no damage. The bat misses you.
Ijyb hits you with a +0 dagger. The bat hits you.
You shoot a sling bullet.
Robin shouts!
The sling bullet hits Ijyb but does no damage.
Ijyb is lightly wounded.
You hear a shout!
The bat barely misses you. Ijyb screams, "Me kill you!"
Ijyb hits you with a +0 dagger.
You die...

#.... .#.#
#.#.# ...
#.#.# g.?
#.#.# #.#
#.#.# #.#
#.#.#####.###
##.#%.....g..#
#.........@..#
#..######.#..#
#..# #)#..#
#).# #.#b.#
#..#### #.#..#
#.....# #.#..#
#.###.# #.#..#
#.# #.# #....#
#.# #.# ##.


You could see Ijyb, Robin and a bat.

Vanquished Creatures
  3 adders
  2 dart slugs
  An orc (D:3)
  5 bats
  9 endoplasms
  2 giant cockroaches (D:1)
  12 goblins
  4 hobgoblins (D:1)
  4 jackals (D:2)
  3 quokkas
  4 ball pythons
  8 frilled lizards
  4 kobolds
  2 rats (D:1)
63 creatures vanquished.

Notes
Turn   | Place    | Note
-------+----------+-------------------------------------------
     0 | D:1      | qw the Minotaur Hexslinger began the quest for the Orb.
     0 | D:1      | Reached XP level 1. HP: 16/16 MP: 1/1
     0 | D:1      | 0 ||| qw: Version: 0.3-a-51-g015441d
     0 | D:1      | 0 ||| qw: Game counter: 4235
     0 | D:1      | 0 ||| qw: Melee chars always use a shield: true
     0 | D:1      | 0 ||| qw: God list: Okawaru
     0 | D:1      | 0 ||| qw: Allow faded altars: false
     0 | D:1      | 0 ||| qw: Do Orc after clearing Dungeon:15 true
     0 | D:1      | 0 ||| qw: Do second Lair branch before Depths: true
     0 | D:1      | 0 ||| qw: Lair rune preference: random
     0 | D:1      | 0 ||| qw: Goals: Normal
     0 | D:1      | 0 ||| PLANNING D:1-11
   246 | D:1      | Reached skill level 3 in Ranged Weapons
   246 | D:1      | Reached XP level 2. HP: 23/23 MP: 2/2
   790 | D:1      | Reached XP level 3. HP: 29/29 MP: 3/3
   910 | D:1      | 910 ||| UPGRADING to +0 ring mail.
   920 | D:1      | 920 ||| DROPPING +0 robe.
   921 | D:1      | 921 ||| READING scroll labelled NUANAOLUOT.
   922 | D:1      | 922 ||| READING 2 scrolls labelled YWILER SU QIRPH.
   923 | D:1      | 923 ||| DRINKING 2 viscous coppery potions.
   924 | D:1      | 924 ||| DROPPING scroll of poison.
   925 | D:1      | 925 ||| DROPPING potion of magic.
  1001 | D:2      | Reached skill level 4 in Ranged Weapons
  1096 | D:2      | 1096 ||| FLEEEEING.
  1097 | D:2      | 1097 ||| FLEEEEING.
  1098 | D:2      | 1098 ||| FLEEEEING.
  1112 | D:2      | Reached skill level 1 in Armour
  1395 | D:2      | 1395 ||| READING scroll labelled TARRATS MIHYSM.
  1411 | D:2      | 1411 ||| STAIRDANCE
  1492 | D:3      | Noticed Robin
  1494 | D:3      | HP: 3/29 [goblin/+0 dagger of electrocution[Robin] (12)]
  1495 | D:3      | Reached XP level 4. HP: 4/36 MP: 4/4
  1495 | D:3      | 1495 ||| STAIRDANCE
  1832 | D:3      | Noticed Ijyb
  1851 | D:3      | HP: 7/36 [Ijyb/+0 dagger (4)]
  1852 | D:3      | HP: 2/36 [Ijyb/+0 dagger (5)]
  1853 | D:3      | Slain by Ijyb

Levels and vault maps discovered:
D:1:      dpeg_arrival_three_smaller_balls, layout_loops_corners
D:2:      kennysheep_big_flooded_room, layout_basic, serial_bayou_crossing
D:3:      layout_loops_ring, mainiacjoe_overflow_tiny_flanked, serial_shops,
          shop, ebering_ecumenical_altar_abandoned, uniq_robin, uniq_ijyb

Skill      XL: |  1  2  3 |
---------------+----------+-----
Ranged Weapons | 3 4 |  4.9
Fighting       | 2 |  2.0
Armour         | 1 |  1.0
Dodging        | |  2.1
Spellcasting   | |  1.0
Hexes          | |  2.0

Action                     |  1- 3 |  4- 6 || total
---------------------------+-------+-------++-------
   Fire: Sling             |   136 |    45 ||   181
    Use: Scroll            |     3 |       ||     3
         Potion            |     1 |       ||     1
 Armour: Robe              |     3 |       ||     3
         Ring mail         |    19 |    12 ||    31
  Dodge: Dodged            |    27 |    24 ||    51

Table legend:
 A = Non-vault XP
 B = Vault XP
 C = Vault XP percentage of total XP
 D = Non-vault monster count
 E = Vault monster count
 F = Vault count percentage of total count
                 A         B        C        D         E       F
            +---------+---------+-------+---------+---------+-------
      Total |     132 |      12 |   8.3 |      57 |       6 |   9.5
            +---------+---------+-------+---------+---------+-------
        D:1 |      43 |       0 |   0.0 |      27 |       0 |   0.0
        D:2 |      47 |       9 |  16.1 |      20 |       4 |  16.7
        D:3 |      42 |       3 |   6.7 |      10 |       2 |  16.7
            +---------+---------+-------+---------+---------+-------
